[Event "Friday Night Engine Tour 13 rd Swiss 3m+1s Starts at 2200hrs ST"]
[Site "Infinity Chess"]
[Date "2018.4.13"]
[Round "10"]
[White "OlivierEvan"]
[Black "Dovahkiin"]
[Result "1/2-1/2"]
[ECO "A13"]
[WhiteElo "2399"]
[BlackElo "2415"]
[WhiteEngine "Houdini 6"]
[BlackEngine "Raubfisch ME262_GTZ16f_CTG"]
[EventType "Swiss"]
[WhiteTeam ""]
[BlackTeam ""]
[PlyCount "209"]
[TimeControl "180+1"]

1. c4 e6 2. d4 d5 3. Nf3 Nf6 4. Nc3 c6 5. e3 Nbd7 6. Bd3 dxc4 7. Bxc4 b5 
8. Be2 Bb7 9. O-O Be7 10. e4 b4 11. e5 bxc3 12. exf6 Bxf6 13. bxc3 c5 
14. dxc5 O-O 15. Ba3 Be7 16. Qd4 Qc7 17. Rab1 Rfe8 18. Qe3 Nxc5 19. Bxc5 Bxf3 
20. Qxf3 Qxc5 21. Rb7 Rad8 22. Rd1 Rxd1+ 23. Bxd1 Bf6 24. Be2 Qa5 25. c4 Rf8 
26. g3 Bd4 27. a3 g6 28. Kg2 Bc5 29. Rb3 Qc7 30. Rb7 Qa5 31. Rb3 Qa4 32. h4 h5 
33. Kg1 Rd8 34. Kg2 Kg7 35. Qc3+ Bd4 36. Qf3 Bc5 37. Qc3+ Bd4 38. Qf3 Qe8 
39. Rb7 Rd6 40. g4 hxg4 41. Qxg4 e5 42. Bd3 Rf6 43. h5 Qc6+ 44. Be4 Qxc4 
45. hxg6 Rxf2+ 46. Kg3 Rf4 47. Rxf7+ Qxf7 48. gxf7+ Rxg4+ 49. Kxg4 Kxf7 
50. Kf5 Ke7 51. Bd3 Kd6 52. Ke4 Bc5 53. a4 Bd4 54. a5 Bc3 55. a6 Bd2 56. Be2 Bf4 
57. Bf1 Ke6 58. Bh3+ Kd6 59. Bf1 Kc7 60. Bd3 Kc6 61. Bc4 Kb6 62. Bf1 Bh2 
63. Be2 Kc6 64. Bg4 Kb5 65. Bc8 Bg3 66. Bb7 Bf4 67. Kd5 Bh2 68. Bc8 Kb6 
69. Bb7 Ka5 70. Ke4 Ka4 71. Bc8 Kb5 72. Kd5 Bg3 73. Ke4 Ka5 74. Kd5 Kb6 
75. Ke4 Bf4 76. Kd5 Bg3 77. Ke4 Kb5 78. Bb7 Bf4 79. Kd5 Kb6 80. Bc8 Bh2 
81. Bb7 Bg3 82. Bc8 Bf4 83. Bb7 Kb5 84. Bc8 Kb4 85. Bg4 Kb3 86. Ke4 Bg3 
87. Be2 Bf4 88. Bg4 Kc3 89. Be6 Kb2 90. Bc8 Kc2 91. Bf5 Kb2 92. Bc8 Bh2 
93. Be6 Bf4 94. Bg4 Kc2 95. Bf5 Kd2 96. Bd7 Kc3 97. Be6 Bc1 98. Bd5 Bb2 
99. Be6 Ba3 100. Bf5 Bd6 101. Bg4 Ba3 102. Bf5 Bc1 103. Bh3 Bb2 104. Bg4 Bc1 
105. Bd1 1/2-1/2

[Event "Friday Night Engine Tour 13 rd Swiss 3m+1s Starts at 2200hrs ST"]
[Site "Infinity Chess"]
[Date "2018.4.13"]
[Round "10"]
[White "Cepri"]
[Black "klasman"]
[Result "1/2-1/2"]
[ECO "B90"]
[WhiteElo "2506"]
[BlackElo "2407"]
[WhiteEngine "asmfishw_08A18b_CTG"]
[BlackEngine "Raubfisch ME262_GTZ17a."]
[EventType "Swiss"]
[WhiteTeam ""]
[BlackTeam ""]
[PlyCount "88"]
[TimeControl "180+1"]

1. e4 c5 2. Nf3 d6 3. d4 cxd4 4. Nxd4 Nf6 5. Nc3 a6 6. Be3 e5 7. Nb3 Be6 
8. Be2 Be7 9. Qd3 O-O 10. O-O Nbd7 11. Nd5 Bxd5 12. exd5 Rc8 13. c4 Ne8 
14. Qd2 f5 15. g3 g6 16. Rae1 Nef6 17. f3 Nh5 18. Bf2 b6 19. Qd1 Rf7 20. Nd2 Bg5 
21. Nb1 Qf8 22. Qa4 Nc5 23. Qa3 a5 24. f4 Bf6 25. fxe5 Bxe5 26. Bxh5 gxh5 
27. Bxc5 bxc5 28. Kh1 h4 29. gxh4 Qh6 30. Qh3 Kh8 31. Re2 Rg8 32. Nd2 Bxb2 
33. Nf3 Bd4 34. Re6 Rf6 35. Nxd4 cxd4 36. h5 Rxe6 37. dxe6 Qxe6 38. Qxf5 Qxc4 
39. Qf6+ Rg7 40. h6 Qc6+ 41. Rf3 Qc1+ 42. Rf1 Qc6+ 43. Rf3 Qc1+ 44. Rf1 Qc6+ 
1/2-1/2

[Event "Friday Night Engine Tour 13 rd Swiss 3m+1s Starts at 2200hrs ST"]
[Site "Infinity Chess"]
[Date "2018.4.13"]
[Round "10"]
[White "MGR"]
[Black "alexxx97"]
[Result "1/2-1/2"]
[ECO "C55"]
[WhiteElo "2516"]
[BlackElo "2358"]
[WhiteEngine "Cfish 2018-04-08 64 NUMA BMI2_CTG"]
[BlackEngine "stockfish_x64_modern_CTG"]
[EventType "Swiss"]
[WhiteTeam ""]
[BlackTeam ""]
[PlyCount "68"]
[TimeControl "180+1"]

1. e4 e5 2. Nf3 Nc6 3. Bc4 Nf6 4. d3 Bc5 5. O-O O-O 6. c3 d6 7. Bg5 h6 8. Bh4 a6 
9. a4 g5 10. Bg3 Ba7 11. Nbd2 Kg7 12. Ba2 Nh7 13. Nc4 h5 14. h4 g4 15. Nfd2 f5 
16. exf5 Bxf5 17. Qe2 Ne7 18. Rae1 Bg6 19. Bxe5+ dxe5 20. Qxe5+ Kh6 21. Qxe7 g3 
22. d4 gxf2+ 23. Rxf2 Re8 24. Qe5 Rxe5 25. Nxe5 Nf8 26. Ndf3 c5 27. Nxg6 Nxg6 
28. Ng5 Qb6 29. Rf7 Nxh4 30. Re6+ Kxg5 31. Rg7+ Kf5 32. Rf7+ Kg5 33. Rg7+ Kf5 
34. Rf7+ Kg5 1/2-1/2

[Event "Friday Night Engine Tour 13 rd Swiss 3m+1s Starts at 2200hrs ST"]
[Site "Infinity Chess"]
[Date "2018.4.13"]
[Round "10"]
[White "star99"]
[Black "RonWeasley"]
[Result "1/2-1/2"]
[ECO "C12"]
[WhiteElo "2496"]
[BlackElo "2507"]
[WhiteEngine "Cryptic Heroes 9.4B"]
[BlackEngine "BrainFish 090218_CTG"]
[EventType "Swiss"]
[WhiteTeam ""]
[BlackTeam ""]
[PlyCount "141"]
[TimeControl "180+1"]

1. e4 e6 2. d4 d5 3. Nc3 Nf6 4. Bg5 Bb4 5. exd5 Qxd5 6. Nf3 Ne4 7. Bd2 Bxc3 
8. Bxc3 Nxc3 9. bxc3 b6 10. Bd3 Bb7 11. O-O Nd7 12. Re1 Qd6 13. Ng5 Nf6 
14. Bb5+ Kf8 15. a4 g6 16. Nf3 Kg7 17. Ne5 Rhd8 18. Bc4 Nd7 19. f4 Nf6 
20. Qd2 Bd5 21. Bxd5 Nxd5 22. c4 Ne7 23. Rad1 c5 24. d5 exd5 25. cxd5 c4 
26. Qf2 Nxd5 27. Rd4 Rac8 28. Red1 Qe6 29. Nxc4 Re8 30. Ne5 Nf6 31. h3 Qe7 
32. R1d3 Qc5 33. Rd2 Qc3 34. Qh4 Rc7 35. Qf2 Re6 36. Kh1 Re8 37. Kg1 Qa3 
38. Kh2 Re6 39. R2d3 Qb2 40. Nc4 Qa1 41. Ne5 Qb2 42. Nc4 Qa1 43. Ne5 Qa2 
44. Rd2 Rc3 45. R4d3 Rxd3 46. cxd3 Qd5 47. Rc2 Nd7 48. d4 f6 49. Nf3 Rc6 
50. Rxc6 Qxc6 51. Qe3 Kf7 52. Qb3+ Qe6 53. Qc2 Qd5 54. Qc7 a5 55. Kg3 Ke8 
56. Kh2 Ke7 57. Kg3 Qe6 58. Qc1 Kd8 59. h4 Qd5 60. Qb1 Kc7 61. Qc2+ Kb7 
62. Qe2 h5 63. Qe7 Kc7 64. Qe8 Qf5 65. Qe2 Qg4+ 66. Kf2 Kd6 67. Qe4 Qf5 
68. Ke3 Qg4 69. Kf2 Kc7 70. Qc2+ Kd6 71. Qe4 1/2-1/2

[Event "Friday Night Engine Tour 13 rd Swiss 3m+1s Starts at 2200hrs ST"]
[Site "Infinity Chess"]
[Date "2018.4.13"]
[Round "10"]
[White "Vimtiroba"]
[Black "MCDermont"]
[Result "1/2-1/2"]
[ECO "C55"]
[WhiteElo "2519"]
[BlackElo "2588"]
[WhiteEngine "SF9 ''A5''_CTG"]
[BlackEngine "BrainFish 090218"]
[EventType "Swiss"]
[WhiteTeam ""]
[BlackTeam ""]
[PlyCount "172"]
[TimeControl "180+1"]

1. e4 e5 2. Nf3 Nc6 3. Bc4 Nf6 4. d3 Bc5 5. c3 d6 6. O-O O-O 7. Bb3 h6 
8. Re1 Ng4 9. Re2 Nf6 10. h3 Bb6 11. Re1 a5 12. Nbd2 Be6 13. Bxe6 fxe6 
14. Nc4 Ba7 15. Be3 Bxe3 16. Rxe3 b5 17. Ncd2 a4 18. Rc1 Qb8 19. Nb1 Nd7 
20. Na3 Ne7 21. d4 Ng6 22. Qe2 c6 23. Rd1 Qc7 24. g3 Rab8 25. h4 Rf7 26. h5 Ngf8 
27. Nc2 c5 28. Nh4 Nh7 29. Kg2 exd4 30. cxd4 Nhf6 31. Ng6 Nf8 32. f4 Rd7 
33. Red3 c4 34. Ra3 Qc8 35. d5 exd5 36. exd5 Qc5 37. Re3 b4 38. Ne7+ Kh8 
39. Nd4 Nxd5 40. Nxd5 Qxd5+ 41. Qf3 Qxf3+ 42. Kxf3 Rc7 43. Rde1 Rcc8 44. g4 b3 
45. axb3 cxb3 46. R3e2 d5 47. Nf5 a3 48. bxa3 Nh7 49. Rb2 Nf6 50. Nd4 Ne4 
51. Re3 Nd2+ 52. Rxd2 b2 53. Rxb2 Rxb2 54. g5 Rd2 55. Nf5 Rh2 56. gxh6 gxh6 
57. Nxh6 Rh3+ 58. Ke2 Rxh5 59. Nf7+ Kg7 60. Ng5 Kg6 61. Kf3 Rh2 62. Kg4 Rg2+ 
63. Kf3 Rgc2 64. Kg4 Rg2+ 65. Kf3 Rb2 66. Kg4 Rc6 67. Rd3 Rb5 68. Rh3 Rb1 
69. Nf3 Rc8 70. Ne5+ Kf6 71. Rh6+ Ke7 72. Nc6+ Kd7 73. Ne5+ Ke7 74. Nc6+ Kd7 
75. Ne5+ Kc7 76. Rc6+ Kb7 77. Rd6 Rg8+ 78. Kf5 Rf8+ 79. Ke6 Rxf4 80. Nd3 Rd4 
81. Rxd5 Rb6+ 82. Ke5 Rh4 83. a4 Rg6 84. Rb5+ Kc7 85. Rb4 Rg5+ 86. Kf6 Rxb4 
1/2-1/2

[Event "Friday Night Engine Tour 13 rd Swiss 3m+1s Starts at 2200hrs ST"]
[Site "Infinity Chess"]
[Date "2018.4.13"]
[Round "10"]
[White "Time_bandit"]
[Black "Arch Stanton"]
[Result "1/2-1/2"]
[ECO "C77"]
[WhiteElo "2593"]
[BlackElo "2516"]
[WhiteEngine "asmFishW_2018-02-02_popcnt"]
[BlackEngine "stockfish_18041209_x64_bmi2_CTG"]
[EventType "Swiss"]
[WhiteTeam ""]
[BlackTeam ""]
[PlyCount "128"]
[TimeControl "180+1"]

1. e4 e5 2. Nf3 Nc6 3. Bb5 a6 4. Ba4 Nf6 5. O-O Be7 6. Re1 b5 7. Bb3 O-O 
8. c3 d5 9. exd5 Nxd5 10. Nxe5 Nxe5 11. Rxe5 c6 12. d4 Bd6 13. Re1 Qh4 
14. g3 Qh3 15. Be3 Be6 16. Qf3 a5 17. Qg2 Qxg2+ 18. Kxg2 Rfe8 19. Bd1 a4 
20. Bf3 a3 21. b3 Bd7 22. Bd2 Rxe1 23. Bxe1 Bf5 24. Nd2 Nxc3 25. Nf1 Nd5 
26. Rc1 Ne7 27. Ne3 Be6 28. Kf1 f6 29. Ke2 g5 30. Bxc6 Rc8 31. d5 Bd7 
32. Rc3 Nxc6 33. dxc6 Bxc6 34. b4 Be5 35. Rxa3 Be4 36. Ra6 Kf7 37. Ra7+ Kg6 
38. f3 Ba8 39. g4 Bd4 40. Ra3 Re8 41. Rd3 Ba7 42. Bc3 Bb7 43. h3 Bxe3 
44. Rxe3 Ra8 45. Kf2 Ra3 46. Kg3 Bd5 47. f4 Rxa2 48. f5+ Kf7 49. h4 Rc2 
50. hxg5 fxg5 51. Bd4 Rc4 52. Bc5 h5 53. gxh5 Be4 54. Kf2 Kf6 55. h6 Bxf5 
56. Kg3 Rg4+ 57. Kf2 Rh4 58. Be7+ Kg6 59. Re5 Rf4+ 60. Kg3 Kxh6 61. Rxb5 Kg6 
62. Rc5 Re4 63. Bxg5 Kxg5 64. Rb5 Re3+ 1/2-1/2

[Event "Friday Night Engine Tour 13 rd Swiss 3m+1s Starts at 2200hrs ST"]
[Site "Infinity Chess"]
[Date "2018.4.13"]
[Round "10"]
[White "Victorious"]
[Black "incredible"]
[Result "1-0"]
[ECO "B90"]
[WhiteElo "2616"]
[BlackElo "2489"]
[WhiteEngine "Cfish_x64_060418_LTO_popcnt"]
[BlackEngine "stockfish_16040910_x64_bmi2"]
[EventType "Swiss"]
[WhiteTeam ""]
[BlackTeam ""]
[PlyCount "159"]
[TimeControl "180+1"]

1. e4 c5 2. Nf3 d6 3. d4 cxd4 4. Nxd4 Nf6 5. Nc3 a6 6. Be3 e5 7. Nb3 Be6 
8. f3 h5 9. Qd2 Be7 10. Nd5 Nxd5 11. exd5 Bf5 12. Be2 Nd7 13. Na5 Qc7 
14. O-O O-O 15. c4 h4 16. b4 Nf6 17. Rac1 Rac8 18. h3 Qd7 19. Rfd1 Bd8 
20. Nb3 Nh5 21. c5 Ng3 22. Bc4 Be7 23. a4 Rfd8 24. c6 bxc6 25. Bxa6 cxd5 
26. Bxc8 Rxc8 27. Rxc8+ Qxc8 28. Bf2 d4 29. Re1 Bf8 30. b5 Qc4 31. Na5 Qxa4 
32. b6 Bc8 33. Rc1 Qb5 34. Bxg3 hxg3 35. Rxc8 Qxb6 36. Rc6 Qb5 37. Rc2 d3 
38. Rb2 Qc5+ 39. Kh1 d5 40. Nb3 Qc4 41. Rb1 g6 42. Qb2 Bg7 43. Nd2 Qc5 
44. Qb3 Qd4 45. Qb5 Kh7 46. Nb3 Qc4 47. Nc5 Qxb5 48. Rxb5 d2 49. Rb1 Bh6 
50. Rd1 Kg7 51. Nb3 Kf6 52. Nxd2 Ke6 53. Kg1 f5 54. Kf1 Bg5 55. Ke2 Be7 
56. Ra1 Bb4 57. Ra6+ Kf7 58. Nb3 e4 59. Ra4 Bc3 60. Ra7+ Kf6 61. Ra6+ Kg5 
62. Nc5 Kf4 63. Rxg6 Ke5 64. h4 Bb4 65. Nd7+ Kf4 66. fxe4 d4 67. e5 Ke4 
68. h5 d3+ 69. Kd1 f4 70. h6 f3 71. gxf3+ Kf5 72. h7 Kxg6 73. h8=Q g2 
74. Qg8+ Kh6 75. Qxg2 Be7 76. Nf6 Bxf6 77. exf6 Kh5 78. f7 d2 79. f8=Q Kh4 
80. Qh6# 1-0

[Event "Friday Night Engine Tour 13 rd Swiss 3m+1s Starts at 2200hrs ST"]
[Site "Infinity Chess"]
[Date "2018.4.13"]
[Round "9"]
[White "Arch Stanton"]
[Black "alexxx97"]
[Result "1-0"]
[ECO "C65"]
[WhiteElo "2505"]
[BlackElo "2369"]
[WhiteEngine "stockfish_18041209_x64_bmi2_CTG"]
[BlackEngine "stockfish_x64_modern_CTG"]
[EventType "Swiss"]
[WhiteTeam ""]
[BlackTeam ""]
[PlyCount "135"]
[TimeControl "180+1"]

1. e4 e5 2. Nf3 Nc6 3. Bb5 Nf6 4. O-O Nxe4 5. Re1 Nd6 6. Nxe5 Be7 7. Bf1 Nxe5 
8. Rxe5 O-O 9. Nc3 Ne8 10. Nd5 Bd6 11. Re2 c6 12. Ne3 Be7 13. c4 f5 14. d4 f4 
15. Ng4 d6 16. h3 f3 17. gxf3 Nc7 18. d5 cxd5 19. cxd5 Bf5 20. f4 Qd7 
21. Re1 Bh4 22. Bd2 Rae8 23. Qf3 Qf7 24. Rxe8 Rxe8 25. Ne3 Be4 26. Qg4 Bf6 
27. Bb4 Bxb2 28. Rd1 Bg6 29. Qg3 Qd7 30. Nc4 Re4 31. Bxd6 Rxc4 32. Bxc4 Qxd6 
33. f5 Be5 34. Qxe5 Qxe5 35. d6+ Bf7 36. Bxf7+ Kxf7 37. d7 Qxf5 38. d8=Q Ne6 
39. Rd7+ Kg6 40. Qh4 h5 41. Qg3+ Ng5 42. Rxb7 Kh6 43. Kf1 Qd5 44. Rb3 Ne6 
45. Qf3 Qc4+ 46. Kg1 Nf4 47. Rb7 a5 48. Kh2 Nd5 49. Rd7 Nf6 50. Ra7 a4 
51. Qg3 Qg8 52. Rxa4 Qd5 53. Ra7 Nd7 54. a4 Kh7 55. a5 Qd4 56. Ra6 Nf8 
57. Rd6 Qc4 58. Qd3+ Qxd3 59. Rxd3 Ng6 60. a6 Ne5 61. Rc3 g5 62. a7 g4 
63. a8=Q Nf3+ 64. Kg3 Kg7 65. Rc7+ Kf6 66. Kf4 Nd4 67. Qh8+ Kg6 68. Qg7# 1-0

[Event "Friday Night Engine Tour 13 rd Swiss 3m+1s Starts at 2200hrs ST"]
[Site "Infinity Chess"]
[Date "2018.4.13"]
[Round "9"]
[White "OlivierEvan"]
[Black "Cepri"]
[Result "1/2-1/2"]
[ECO "A06"]
[WhiteElo "2394"]
[BlackElo "2511"]
[WhiteEngine "Houdini 6"]
[BlackEngine "asmfishw_08A18b_CTG"]
[EventType "Swiss"]
[WhiteTeam ""]
[BlackTeam ""]
[PlyCount "118"]
[TimeControl "180+1"]

1. Nf3 d5 2. d4 Nf6 3. c4 e6 4. Bg5 dxc4 5. Nc3 Bb4 6. e4 c5 7. Bxc4 cxd4 
8. Nxd4 Qa5 9. Bxf6 Bxc3+ 10. bxc3 Qxc3+ 11. Kf1 gxf6 12. Rc1 Qa5 13. h4 Ke7 
14. Rh3 Nc6 15. Nxc6+ bxc6 16. Rd3 Rd8 17. Rxd8 Qxd8 18. Qb3 Qa5 19. Kg1 Bd7 
20. g3 Rd8 21. Qe3 Bc8 22. Bf1 Bb7 23. Rb1 Bc8 24. Rb3 Rd1 25. Kg2 Rd7 
26. Rb8 Rd8 27. Kg1 Ke8 28. Qf4 Ke7 29. a3 e5 30. Qc1 Qc7 31. Qc5+ Ke8 
32. Rb1 Be6 33. Bb5 Rc8 34. Ba6 Rd8 35. Bb7 Qd6 36. Qxc6+ Ke7 37. Qc3 Qd4 
38. Qc7+ Rd7 39. Qc2 Qd6 40. Bd5 Bxd5 41. exd5 Qxa3 42. Qxh7 Qf3 43. Qc2 Rxd5 
44. Kh2 f5 45. Rb3 Qe4 46. Rb7+ Rd7 47. Qc5+ Ke6 48. Rxd7 Kxd7 49. Qxa7+ Ke6 
50. Qc7 f4 51. Qc8+ Ke7 52. Qg4 fxg3+ 53. Kxg3 Qd3+ 54. Kg2 Kf6 55. h5 Qf5 
56. Qxf5+ Kxf5 57. Kf3 Kg5 58. Ke4 f6 59. h6 Kxh6 1/2-1/2

[Event "Friday Night Engine Tour 13 rd Swiss 3m+1s Starts at 2200hrs ST"]
[Site "Infinity Chess"]
[Date "2018.4.13"]
[Round "9"]
[White "incredible"]
[Black "MGR"]
[Result "1/2-1/2"]
[ECO "C55"]
[WhiteElo "2488"]
[BlackElo "2517"]
[WhiteEngine "stockfish_16040910_x64_bmi2"]
[BlackEngine "Cfish 2018-04-08 64 NUMA BMI2_CTG"]
[EventType "Swiss"]
[WhiteTeam ""]
[BlackTeam ""]
[PlyCount "165"]
[TimeControl "180+1"]

1. e4 e5 2. Nf3 Nc6 3. Bc4 Nf6 4. d3 Bc5 5. c3 d6 6. O-O O-O 7. b4 Bb6 8. a4 a5 
9. b5 Ne7 10. Nbd2 Ng6 11. Ba2 c6 12. Nc4 Bc7 13. Bg5 h6 14. Bxf6 Qxf6 
15. Ne3 Nf4 16. Rb1 Bd7 17. Bc4 Rfe8 18. g3 Nh3+ 19. Kg2 Bc8 20. Qe2 Rb8 
21. Rb2 Bd7 22. Rfb1 Rbc8 23. Qd1 h5 24. Ng1 Nxg1 25. Kxg1 g6 26. bxc6 bxc6 
27. Rb7 Qd8 28. d4 Kg7 29. Qf3 Rf8 30. dxe5 dxe5 31. Rd1 Qe7 32. h4 Rfd8 
33. Kg2 Be8 34. Rxd8 Qxd8 35. g4 Qxh4 36. gxh5 Qxh5 37. Qxh5 gxh5 38. Be2 f5 
39. Nxf5+ Kf6 40. Kf3 Bg6 41. Bf1 Bd8 42. Rd7 Kg5 43. Bh3 h4 44. Ng7 Bf6 
45. Rd6 Rg8 46. Ne6+ Kh6 47. Nf4 Be7 48. Rxg6+ Rxg6 49. Nxg6 Kxg6 50. Kg4 Bc5 
51. f4 exf4 52. Kxf4 Kf7 53. e5 Bf2 54. Kf3 Be1 55. c4 Bc3 56. Ke4 Ke7 
57. Bc8 Bd2 58. Bf5 Bb4 59. Kd4 Kd8 60. Bg4 Be1 61. Bh3 Bf2+ 62. Ke4 Ke7 
63. Kf5 Bd4 64. Bf1 Kd8 65. Bg2 Kd7 66. Ke4 Bg1 67. Bh3+ Ke7 68. Bf5 Bf2 
69. Bc8 Bc5 70. Kf3 Bd4 71. Kf4 Bb2 72. Ke4 Ba1 73. Bg4 Bc3 74. Kf4 Bb2 
75. Bh3 Bc1+ 76. Kf5 Bb2 77. Bg2 Kd7 78. c5 Ke7 79. Bxc6 Bd4 80. Bg2 Bxc5 
81. Ke4 Bb4 82. Kd5 Bd2 83. Kd4 1/2-1/2

[Event "Friday Night Engine Tour 13 rd Swiss 3m+1s Starts at 2200hrs ST"]
[Site "Infinity Chess"]
[Date "2018.4.13"]
[Round "9"]
[White "Vimtiroba"]
[Black "star99"]
[Result "1/2-1/2"]
[ECO "C42"]
[WhiteElo "2520"]
[BlackElo "2495"]
[WhiteEngine "SF9 ''A5''_CTG"]
[BlackEngine "Cryptic Heroes 9.4B"]
[EventType "Swiss"]
[WhiteTeam ""]
[BlackTeam ""]
[PlyCount "97"]
[TimeControl "180+1"]

1. e4 e5 2. Nf3 Nf6 3. Nxe5 d6 4. Nf3 Nxe4 5. d4 d5 6. Bd3 Nc6 7. O-O Be7 
8. Nc3 Nxc3 9. bxc3 O-O 10. Re1 Bg4 11. Rb1 b6 12. Bf4 Bd6 13. Bxd6 Bxf3 
14. Qxf3 Qxd6 15. Qg3 Rad8 16. h4 Qxg3 17. fxg3 h5 18. Be2 g6 19. g4 hxg4 
20. Bxg4 Rd6 21. Re3 Kg7 22. Rbe1 Rh8 23. g3 b5 24. a4 bxa4 25. Be2 Rb8 
26. Ra1 Rb2 27. Bd3 a6 28. Rxa4 Na7 29. Rb4 Rxb4 30. cxb4 Rc6 31. Re5 Rc3 
32. Rxd5 Nc6 33. Rc5 Rxc5 34. bxc5 Nxd4 35. Bxa6 Nxc2 36. Kf2 f5 37. Bc4 Kf6 
38. Bd5 Nb4 39. Bc4 Nc2 40. Bd5 Nb4 41. Bc4 Ke7 42. Kf3 Kf6 43. g4 g5 
44. gxf5 gxh4 45. Kg4 h3 46. Kxh3 Kxf5 47. Kh4 Ke5 48. Bb5 Kd5 49. Be8 1/2-1/2

[Event "Friday Night Engine Tour 13 rd Swiss 3m+1s Starts at 2200hrs ST"]
[Site "Infinity Chess"]
[Date "2018.4.13"]
[Round "9"]
[White "MCDermont"]
[Black "klasman"]
[Result "1-0 "]
[ECO "B90"]
[WhiteElo "2578"]
[BlackElo "2417"]
[WhiteEngine "BrainFish 090218"]
[BlackEngine "Raubfisch ME262_GTZ17a."]
[EventType "Swiss"]
[WhiteTeam ""]
[BlackTeam ""]
[PlyCount "137"]
[TimeControl "180+1"]

1. e4 c5 2. Nf3 d6 3. d4 cxd4 4. Nxd4 Nf6 5. Nc3 a6 6. Be3 e5 7. Nb3 Be6 
8. Be2 Be7 9. Qd3 O-O 10. O-O Nbd7 11. Nd5 Bxd5 12. exd5 Rc8 13. c4 Ne8 
14. a4 g6 15. a5 Ng7 16. Bd2 f5 17. Bb4 Ne8 18. Rfe1 Rf7 19. Bf1 Bg5 20. Qh3 Qc7 
21. Bd2 Qd8 22. Bxg5 Qxg5 23. Qe3 Qh4 24. g3 Qh5 25. Be2 Qh3 26. Qg5 Kg7 
27. Nd2 h6 28. Qe3 Nef6 29. Qa3 Nc5 30. f3 Rd8 31. Qc3 Rdf8 32. b4 Ncd7 
33. Ra3 g5 34. Bf1 Qh5 35. c5 Nxd5 36. Qb2 dxc5 37. bxc5 f4 38. Bc4 Ne3 
39. Bxf7 Rxf7 40. Rd3 g4 41. gxf4 gxf3 42. Kh1 f2 43. Rexe3 Qd1+ 44. Kg2 Qg1+ 
45. Kh3 f1=Q+ 46. Nxf1 Qxf1+ 47. Qg2+ Qxg2+ 48. Kxg2 Nxc5 49. Rd5 exf4 
50. Re1 Nd7 51. Kf3 b6 52. Rg1+ Kh7 53. Rgd1 Nf6 54. Rf5 bxa5 55. Rd6 Kg7 
56. Rxf4 a4 57. Rxa6 a3 58. Rxa3 Rc7 59. Ra6 Ng8 60. Rg4+ Kf7 61. h4 Rc3+ 
62. Kg2 Rc2+ 63. Kh3 Rc7 64. Rg3 h5 65. Rag6 Ne7 66. Rh6 Nd5 67. Rh7+ Kf6 
68. Rxc7 Nxc7 69. Rf3+ 1-0

[Event "Friday Night Engine Tour 13 rd Swiss 3m+1s Starts at 2200hrs ST"]
[Site "Infinity Chess"]
[Date "2018.4.13"]
[Round "9"]
[White "Dovahkiin"]
[Black "Time_bandit"]
[Result "0-1 "]
[ECO "D20"]
[WhiteElo "2425"]
[BlackElo "2583"]
[WhiteEngine "Raubfisch ME262_GTZ16f_CTG"]
[BlackEngine "asmFishW_2018-02-02_popcnt"]
[EventType "Swiss"]
[WhiteTeam ""]
[BlackTeam ""]
[PlyCount "197"]
[TimeControl "180+1"]

1. d4 d5 2. c4 dxc4 3. e4 e5 4. Nf3 exd4 5. Bxc4 Nc6 6. O-O Be6 7. Bb5 Bc5 
8. Nbd2 Nge7 9. Nb3 Bxb3 10. Qxb3 a6 11. Bd3 O-O 12. e5 h6 13. Re1 Bb4 
14. Re2 Qd5 15. Qc2 Ba5 16. a3 b5 17. Bf4 Qe6 18. h3 Rad8 19. Bg3 Bb6 
20. Re4 Rd5 21. Rg4 Rc5 22. Qd2 Re8 23. Re1 Ng6 24. Bb1 Rd5 25. Qd3 Nce7 
26. b4 c5 27. bxc5 Rxc5 28. Rxd4 Rd5 29. Rxd5 Qxd5 30. Qe2 Rd8 31. e6 f5 
32. h4 h5 33. Bc2 Qc5 34. a4 Rc8 35. Bd1 b4 36. Bh2 f4 37. Ng5 Qd4 38. a5 Bxa5 
39. Qxa6 Rc1 40. Qa8+ Qd8 41. Qxd8+ Bxd8 42. Kf1 Kf8 43. g3 Ne5 44. Bxh5 Rxe1+ 
45. Kxe1 b3 46. Bd1 Ba5+ 47. Kf1 b2 48. Bc2 Nc4 49. gxf4 Nd5 50. Ke2 Na3 
51. Bh7 Ke7 52. h5 Bc7 53. Nf3 Kxe6 54. Nd2 Ba5 55. f5+ Kf6 56. Ne4+ Kf7 
57. f6 Nxf6 58. Nxf6 gxf6 59. Bf4 b1=Q 60. Bxb1 Nxb1 61. Kd3 Na3 62. Ke4 Bb6 
63. Bc1 Nb5 64. f3 Nd6+ 65. Kf4 Bd4 66. Ba3 Be3+ 67. Kg3 Nc4 68. Bb4 Bh6 
69. Kf2 Ne3 70. Kg3 Ke6 71. Kf2 Nd5 72. Ba3 Kf5 73. Bd6 Kg5 74. Bc5 Kxh5 
75. Kf1 Be3 76. Bd6 Nf4 77. Be7 Bd4 78. Bd6 Be5 79. Bb4 Kh4 80. Be1+ Kh3 
81. Bf2 Bc3 82. Kg1 Nd3 83. Bb6 Kg3 84. f4 Nxf4 85. Bf2+ Kf3 86. Bh4 f5 
87. Kh2 Be5 88. Kh1 Bg7 89. Be1 Nd3 90. Bd2 Nf2+ 91. Kh2 Ng4+ 92. Kh3 Bd4 
93. Kh4 Be3 94. Ba5 Nf6 95. Bc7 Bf4 96. Bb6 Nd5 97. Ba7 Ke4 98. Kh5 Bd2 99. Kg6 
0-1

[Event "Friday Night Engine Tour 13 rd Swiss 3m+1s Starts at 2200hrs ST"]
[Site "Infinity Chess"]
[Date "2018.4.13"]
[Round "9"]
[White "RonWeasley"]
[Black "Victorious"]
[Result "1/2-1/2"]
[ECO "D30"]
[WhiteElo "2502"]
[BlackElo "2621"]
[WhiteEngine "BrainFish 090218_CTG"]
[BlackEngine "Cfish_x64_060418_LTO_popcnt"]
[EventType "Swiss"]
[WhiteTeam ""]
[BlackTeam ""]
[PlyCount "71"]
[TimeControl "180+1"]

1. d4 d5 2. c4 e6 3. Nf3 Nf6 4. Nc3 c6 5. Bg5 Nbd7 6. e3 h6 7. Bh4 g5 8. Bg3 Nh5 
9. Qc2 Nxg3 10. hxg3 Bg7 11. O-O-O Qe7 12. Kb1 O-O 13. Be2 Rd8 14. cxd5 cxd5 
15. Rh2 Nf6 16. Ne5 Bd7 17. Rdh1 Rac8 18. Bd3 b5 19. Qd1 b4 20. Ne2 Ne4 
21. Qe1 Ba4 22. f3 Nc3+ 23. Ka1 Nxe2 24. Qxe2 Rc7 25. Ng4 Kf8 26. Nxh6 Rdc8 
27. Qd2 Bc2 28. Ba6 Rb8 29. Ng4 Rb6 30. Bd3 b3 31. Rh8+ Bxh8 32. Rxh8+ Kg7 
33. Rh7+ Kf8 34. Rh8+ Kg7 35. Rh7+ Kf8 36. Rh8+ 1/2-1/2

[Event "Friday Night Engine Tour 13 rd Swiss 3m+1s Starts at 2200hrs ST"]
[Site "Infinity Chess"]
[Date "2018.4.13"]
[Round "8"]
[White "incredible"]
[Black "Arch Stanton"]
[Result "1/2-1/2"]
[ECO "C53"]
[WhiteElo "2487"]
[BlackElo "2506"]
[WhiteEngine "stockfish_16040910_x64_bmi2"]
[BlackEngine "stockfish_18041209_x64_bmi2_CTG"]
[EventType "Swiss"]
[WhiteTeam ""]
[BlackTeam ""]
[PlyCount "94"]
[TimeControl "180+1"]

1. e4 e5 2. Nf3 Nc6 3. Bc4 Bc5 4. c3 Nf6 5. d3 a5 6. O-O d6 7. Bg5 Ba7 8. Bh4 h6 
9. a4 g5 10. Bg3 Ne7 11. Nbd2 Ng6 12. d4 Nd7 13. Nb3 Nb6 14. Nxa5 g4 15. Bb5+ c6 
16. Bxc6+ bxc6 17. Nxc6 Qd7 18. Nxa7 Ba6 19. Nb5 Bxb5 20. Nxe5 dxe5 
21. axb5 Rxa1 22. Qxa1 Qxb5 23. dxe5 h5 24. e6 fxe6 25. b3 Qc6 26. c4 Rh7 
27. f4 gxf3 28. Qf6 Qxe4 29. Re1 Nd7 30. Qxe6+ Qxe6 31. Rxe6+ Kf7 32. Rd6 Nde5 
33. Bxe5 Nxe5 34. gxf3 Nxf3+ 35. Kf2 Ne5 36. Kg3 Ke7 37. c5 Rf7 38. b4 Rf3+ 
39. Kh4 Nf7 40. Ra6 Rf5 41. b5 Rxc5 42. b6 Nd8 43. b7 Nxb7 44. Rh6 Nd6 
45. Rxh5 Rxh5+ 46. Kxh5 Kf6 47. Kg4 Kg6 1/2-1/2

[Event "Friday Night Engine Tour 13 rd Swiss 3m+1s Starts at 2200hrs ST"]
[Site "Infinity Chess"]
[Date "2018.4.13"]
[Round "8"]
[White "MGR"]
[Black "OlivierEvan"]
[Result "1-0"]
[ECO "D12"]
[WhiteElo "2505"]
[BlackElo "2406"]
[WhiteEngine "Cfish 2018-04-08 64 NUMA BMI2_CTG"]
[BlackEngine "Houdini 6"]
[EventType "Swiss"]
[WhiteTeam ""]
[BlackTeam ""]
[PlyCount "147"]
[TimeControl "180+1"]

1. d4 d5 2. c4 c6 3. Nf3 Nf6 4. e3 Bf5 5. Nc3 a6 6. Bd3 e6 7. Bxf5 exf5 
8. Qb3 Ra7 9. cxd5 cxd5 10. Bd2 Nc6 11. Rc1 h6 12. Ne5 Be7 13. Nxc6 bxc6 
14. Qc2 O-O 15. Qxf5 Bd6 16. Rc2 Rb7 17. Na4 Ne4 18. O-O Re7 19. Nc3 Qb6 
20. g3 g6 21. Qf3 Nxc3 22. bxc3 Qb5 23. c4 Qa4 24. Rb2 dxc4 25. Bc3 a5 
26. Qe2 h5 27. Rfb1 h4 28. Rb6 Rd8 29. Ra6 c5 30. Rd1 hxg3 31. hxg3 Bxg3 
32. Rxa5 Qe8 33. Qf3 Bc7 34. Rxc5 Bd6 35. Kg2 Bxc5 36. dxc5 f5 37. Rh1 Qd7 
38. c6 Qc7 39. a4 Kf7 40. Bb4 Ke6 41. e4 Rf7 42. Bc3 Kd6 43. exf5 Rxf5 
44. Qg3+ Kxc6 45. Qxg6+ Qd6 46. Qxf5 Rg8+ 47. Kf1 Qd1+ 48. Be1 Qd3+ 
49. Qxd3 cxd3 50. Rh3 Rd8 51. Bc3 d2 52. Bxd2 Rxd2 53. Ra3 Rd7 54. a5 Kb7 
55. a6+ Ka7 56. Ra4 Rd8 57. Kg2 Rg8+ 58. Kh3 Rg5 59. f4 Rg1 60. f5 Rg5 
61. Rf4 Rg8 62. f6 Rf8 63. Kg4 Rg8+ 64. Kf5 Rc8 65. f7 Rd8 66. Ke6 Rf8 
67. Ke7 Rc8 68. f8=Q Rc1 69. Qh6 Rc2 70. Qd6 Re2+ 71. Kf8 Rc2 72. Rf7+ Rc7 
73. Rxc7+ Kb8 74. Qd8# 1-0